 Dungeon Crawl Stone Soup version 0.31-a0-618-g7ca08c1ff9 (webtiles) character file.

Game seed: 3553681840559501039

2222 zenocrate the Insei (level 9, -1/46 (55) HPs)
             Began as an Octopode Shapeshifter on Aug 23, 2023.
             Was an Initiate of Gozag.
             Slain by an orc
             ... wielding a +0 short sword
              (3 damage)
             ... on level 6 of the Dungeon.
             The game lasted 00:12:18 (5804 turns).

zenocrate the Insei (Octopode Shapeshifter)         Turns: 5804, Time: 00:12:19

HP:   -1/46 (55)    AC:  1    Str: 15    XL:     9   Next: 35%
MP:   0/9           EV: 14    Int: 14    God:    Gozag
Gold: 631           SH:  0    Dex: 16    Spells: 8/8 levels left

rFire   . .          .
                       - Unarmed
rCold   . . .        (shield currently unavailable)
rNeg    . . .        (helmet restricted)
rPois   +            h - amulet of guardian spirit
rElec   .            a - ring of Zeogia {Drain Fly rPois Int+4}
rCorr   .            (no ring)
SInv    .            (no ring)
Will    .....        (no ring)
Stlth   +            (no ring)
HPRegen 0.27/turn    (no ring)
MPRegen 0.11/turn    (no ring)
                     (no ring)

%: guardian spirit
@: flux-form, gold aura, flying, glowing, heavily drained
A: glow, contaminating, reduced hp, almost no armour, amphibious, 8 rings,
camouflage 1, gelatinous body 1, (nimble swimmer 1), tentacles
a: Begin Untransformation, Renounce Religion, Potion Petition, Call Merchant,
Bribe Branch


You were on level 6 of the Dungeon.
You worshipped Gozag.
Gozag was pleased with you.
You were something dangerously unstable.
You visited 1 branch of the dungeon, and saw 6 of its levels.

You collected 659 gold pieces.
You paid 28 gold pieces to Gozag.

Inventory:

Missiles
 l - 8 boomerangs (quivered)
 n - 2 throwing nets
Jewellery
 a - the ring of Zeogia (left tentacle) {Drain Fly rPois Int+4}
   (You found it on level 3 of the Dungeon)

   [ring of flight]

   Int+4:     It affects your intelligence (+4).
   rPois:     It protects you from poison Fly: It grants you flight.
   Drain:     It drains your maximum health when unequipped.
 h - an amulet of guardian spirit (around mantle)
Talismans
 b - a beast talisman
 c - a flux talisman (active)
Wands
 o - a wand of flame (13)
 r - a wand of quicksilver (5)
Scrolls
 d - a scroll of amnesia
 f - a scroll of revelation
 q - 2 scrolls of teleportation {unknown}
Potions
 e - a potion of heal wounds
 g - a potion of invisibility
 i - a potion of mutation
 j - 2 potions of brilliance
 k - a potion of curing {unknown}


   Skills:
 + Level 5.0 Fighting
 - Level 3.7 Dodging
 + Level 7.7 Unarmed Combat
 + Level 5.7 Evocations
 - Level 6.0 Shapeshifting


You had 8 spell levels left.
You didn't know any spells.
Your spell library contained the following spells:

 Spells                   Type           Power      Damage    Failure   Level
 Foxfire                  Conj/Fire      0%         2x1d4     28%         1
 Freeze                   Ice            0%         1d3       28%         1
 Cigotuvi's Dreadful Rot  Necr/Pois/Air  0%         N/A       41%         2
 Frozen Ramparts          Ice            0%         1d1       65%         3
 Hailstorm                Conj/Ice       0%         3d3       65%         3
 Ignite Poison            Fire/Tmut/Pois 0%         N/A       65%         3
 Freezing Cloud           Conj/Ice/Air   0%         6-21      100%        5
 Plasma Beam              Fire/Air       0%         2x1d10    100%        6
 Starburst                Conj/Fire      0%         6d3       100%        6


Dungeon Overview and Level Annotations

Branches:
Dungeon (6/15)
 Temple: D:4-7

Altars:
Cheibriados
Dithmenos
Gozag
Vehumet

Shops:
D:2 !

Annotations:
D:5 2 transporters, SoEpicPie's ghost, weakling OgDe
D:6 Jeremiah


Innate Abilities, Weirdness & Mutations

You are something dangerously unstable.
You glow with magical radiation, making you easy to see and hit.
Foes you strike become dangerously contaminated with magical radiation.
Your maximum health is decreased, since you lack skill for your form.
You are incapable of wielding weapons or throwing items.
You cannot wear most types of armour.
You are amphibious.
You can wear up to eight rings at the same time.
Your skin changes colour to match your surroundings (Stealth+).
Your rubbery body absorbs attacks. (AC +1, EV +1)
((You are camouflaged when in or above water. (Stealth+)))
You have tentacles for arms and can constrict up to eight enemies at once.


Message History

Jeremiah, Barachi Dreamer comes into view.
They are wielding a +4 trident of draining and wearing an orb of mayhem.
Jeremiah shouts!
You tentacle-slap the wight.
The wight begins to glow.
The wight is lightly damaged.
You constrict the wight. The orc closely misses you. The orc misses you.
The wight hits you with a +0 halberd!
* * * LOW HITPOINT WARNING * * *
You feel drained.
You tentacle-slap the wight.
The wight glows dangerously bright.
You squeeze the wight.
The wight is severely damaged.
You constrict the wight, but do no damage.
The orc misses you. The wight completely misses you.
The orc hits you with a +2 dagger of draining.
* * * LOW HITPOINT WARNING * * *
You feel drained.
* * * LOW HITPOINT WARNING * * *
Unknown command.
Okay, then.
You tentacle-slap the wight but do no damage.
The wight shudders as magic cascades through it!
You destroy the wight!
A hound comes into view.
The orc misses you.
The orc hits you with a +2 dagger of draining.
* * * LOW HITPOINT WARNING * * *
You feel drained.
* * * LOW HITPOINT WARNING * * *
The butterfly is distracted by your dazzling golden aura.
Your Fighting skill increases to level 5!
The hound barks!
You tentacle-slap the orc.
The orc begins to glow.
You grab the orc.
The orc is severely wounded.
You constrict the orc.
You kill the orc!
The butterfly is no longer distracted by gold.
The butterfly is distracted by your dazzling golden aura.
The orc hits you with a +0 short sword.
You die...
Your body crumbles into a pile of gold.

##...##...# ..........
#F...# ........# #bbb.#
........#... #....#
........# .... #b...
..))....#......#...#
..).....#......#...#
#.####'##..##.##...#
#.##...##..##.##B$.##..
...#...(........$o......
...'...............##...
...#......h........## .
...#...................
..####.....##########..
[.####.....#### .
.<............#
..............#


You could see Jeremiah, a hound and an orc.

Vanquished Creatures
  Pikel (D:5)
  Sigmund (D:2)
  Edmund (D:4)
  Duvessa (D:6)
  An ice beast (D:5)
  A black bear (D:5)
  A centaur (D:5)
  3 lemures (D:5)
  2 phantoms (D:5)
  A kobold brigand (D:4)
  A bullfrog (D:4)
  A scorpion (D:4)
  3 wights (D:6)
  Dowan (D:5)
  3 hounds
  A jelly (D:3)
  3 orc priests (D:6)
  Crazy Yiuf (D:3)
  A gnoll bouda (D:5)
  A sleepcap (D:6)
  An iguana (D:2)
  Terence (D:2)
  Ijyb (D:4)
  4 gnolls (D:5)
  4 adders
  2 shadow imps
  A white imp (D:6)
  An ufetubus (D:5)
  A worm (D:3)
  4 dart slugs
  19 orcs
  4 bats
  4 endoplasms
  2 giant cockroaches
  10 goblins
  6 hobgoblins
  8 jackals
  9 quokkas
  4 ball pythons
  7 frilled lizards
  15 kobolds
  7 rats
144 creatures vanquished.

Notes
Turn   | Place    | Note
-------+----------+-------------------------------------------
     0 | D:1      | zenocrate the Octopode Shapeshifter began the quest for the
                  | Orb.
     0 | D:1      | Reached XP level 1. HP: 13/13 MP: 1/1
   152 | D:1      | Reached XP level 2. HP: 12/18 MP: 2/2
   601 | D:2      | Noticed Sigmund
   611 | D:2      | Killed Sigmund
   612 | D:2      | Reached skill level 4 in Unarmed Combat
   612 | D:2      | Reached XP level 3. HP: 17/23 MP: 3/3
   612 | D:2      | Reached XP level 4. HP: 20/28 MP: 4/4
   612 | D:2      | Reached XP level 5. HP: 24/33 MP: 5/5
   941 | D:2      | Found Rusal's Distillery.
   986 | D:2      | Reached XP level 6. HP: 38/38 MP: 6/6
  1249 | D:2      | Noticed Terence
  1261 | D:2      | Killed Terence
  1626 | D:3      | Identified the ring of Zeogia {Drain Fly rPois Int+4}
  1875 | D:3      | Found an opulent altar of Gozag.
  1890 | D:3      | Became a worshipper of Gozag Ym Sagoz the Greedy
  2051 | D:3      | Found a runed translucent door.
  2052 | D:3      | Noticed Crazy Yiuf
  2289 | D:3      | Found a shadowy altar of Dithmenos.
  2524 | D:3      | Killed Crazy Yiuf
  2525 | D:3      | Reached skill level 5 in Shapeshifting
  2611 | D:4      | Reached skill level 5 in Unarmed Combat
  2641 | D:4      | Noticed Ijyb
  2652 | D:4      | Killed Ijyb
  2706 | D:4      | Noticed Edmund
  3084 | D:4      | Reached XP level 7. HP: 38/43 MP: 5/7
  3465 | D:4      | Identified the +8 dagger "Guij" {drain, rElec rC+}
  3502 | D:4      | Found a radiant altar of Vehumet.
  3570 | D:4      | Reached skill level 1 in Evocations
  3844 | D:4      | Killed Edmund
  3991 | D:5      | Entered Level 5 of the Dungeon
  4004 | D:5      | Reached skill level 6 in Unarmed Combat
  4004 | D:5      | Reached XP level 8. HP: 30/48 MP: 4/8
  4103 | D:5      | Found a snail-covered altar of Cheibriados.
  4150 | D:5      | HP: 2/45 [gnoll/+0 club[a gnoll bouda] (2)]
  4669 | D:5      | Found a transporter.
  4669 | D:5      | Noticed a troll
  4673 | D:5      | Found a transporter.
  4673 | D:5      | Noticed SoEpicPie's ghost (weakling OgDe)
  4836 | D:6      | Noticed Duvessa
  4836 | D:6      | Noticed Dowan
  5209 | D:6      | Noticed Pikel
  5210 | D:6      | Killed Duvessa
  5225 | D:5      | Killed Dowan
  5342 | D:5      | Killed Pikel
  5343 | D:5      | Reached skill level 7 in Unarmed Combat
  5343 | D:5      | Reached skill level 5 in Evocations
  5343 | D:5      | Reached XP level 9. HP: 19/59 MP: 5/9
  5800 | D:6      | Noticed Jeremiah
  5803 | D:6      | HP: 2/46 [orc/+2 dagger of draining (3)]
  5804 | D:6      | Reached skill level 5 in Fighting
  5804 | D:6      | Slain by an orc

Illustrated notes

Levels and vault maps discovered:
D:1:      dpeg_arrival_windows_large_door, layout_basic, minmay_tiny_reverse_x
D:2:      layout_loops_corners, serial_shops, shop, minmay_quadrilaterals,
          uniq_terence, uniq_sigmund
D:3:      layout_loops_ring, mainiacjoe_overflow_paths, lemuel_round_altar,
          uniq_crazy_yiuf_cottage
D:4:      layout_basic, vehumet_altar_wand_db, lexackson_kobold_supper,
          uniq_edmund, uniq_ijyb
D:5:      layout_cave_pools, mainiacjoe_overflow_alcove_2, gammafunk_ghost_arena
D:6:      layout_gridville, minmay_a_box_with_orc_wizards_in_it, uniq_duvessa,
          uniq_pikel, uniq_jeremiah

Skill      XL: |  1  2  3  4  5  6  7  8  9 |
---------------+----------------------------+-----
Dodging        | 3 |  3.7
Unarmed Combat | 4 5 6 7 |  7.7
Shapeshifting  | 4 5 6 |  6.0
Evocations     | 2 5 |  5.7
Fighting       | 4 5 |  5.0

Action                     |  1- 3 |  4- 6 |  7- 9 || total
---------------------------+-------+-------+-------++-------
  Melee: Unarmed           |    37 |   129 |   167 ||   333
         Constrict         |    10 |    32 |    47 ||    89
         Tentacles         |     4 |    23 |    58 ||    85
         Punch             |     1 |     5 |       ||     6
  Throw: Boomerang         |       |     1 |       ||     1
  Evoke: Wand              |       |       |    11 ||    11
    Use: Scroll            |       |     8 |     2 ||    10
         Potion            |       |     2 |     3 ||     5
   Stab: Sleeping          |     2 |    12 |     1 ||    15
         Distracted        |       |     1 |       ||     1
 Armour: Skin              |     3 |    18 |     6 ||    27
  Dodge: Dodged            |    12 |    51 |   117 ||   180
   Form: Flux              |       |       |     1 ||     1

Table legend: (Time is in decaauts)
 A = Elapsed time spent in this place.
 B = Non-inter-level travel time spent in this place.
 C = Inter-level travel time spent in this place.
 D = Time resting spent in this place.
 E = Time spent auto-exploring this place.
 F = Levels seen in this place.
 G = Mean time per level.
                   A        B        C        D        E       F      G
               +--------+--------+--------+--------+--------+-----+--------+
         Total |   5740 |   5506 |    234 |     50 |   4466 |   6 |  956.7 |
       Dungeon |   5740 |   5506 |    234 |     50 |   4466 |   6 |  956.7 |
               +--------+--------+--------+--------+--------+-----+--------+

Top non-repeatable levels by time:
     D:4: 1370 daAuts
     D:5: 1305 daAuts
     D:3: 1113 daAuts
     D:2: 1016 daAuts
     D:1: 579 daAuts
     D:6: 355 daAuts
